 Seeded DCSS version 0.31-a0-544-gceb718ecc6 (webtiles) character file.

Game seed: 3826825538972431165 (custom seed)

27 innerfire43 the Trooper (level 2, 24/24 HPs)
             Began as a Demonspawn Monk on Aug 15, 2023.
             Got out of the dungeon alive.
             The game lasted 00:01:13 (724 turns).

innerfire43 the Trooper (Demonspawn Monk)            Turns: 724, Time: 00:01:14

Health: 24/24      AC:  2    Str: 11    XL:     2   Next: 93%
Magic:  2/2        EV: 13    Int: 11    God:
Gold:   1319       SH:  4    Dex: 15    Spells: 1/1 levels left

rFire   . . .        a - +0 spear (drain)
rCold   . . .        d - orb {light}
rNeg    . . .        b - +0 robe
rPois   .            (no helmet)
rElec   .            (no cloak)
rCorr   .            (no gloves)
SInv    .            (no boots)
Will    .....        (no amulet)
Stlth   +            (no ring)
HPRegen 0.24/turn    (no ring)
MPRegen 0.08/turn

%: no passive effects
@: glowing
A: condensation shield
a: no special abilities


You escaped.
You visited 1 branch of the dungeon, and saw 1 of its levels.

You collected 1319 gold pieces.

Inventory:

Hand Weapons
 a - a +0 spear of draining (weapon)
Armour
 b - a +0 robe (worn)
 d - an orb of light (worn)
Scrolls
 f - 2 scrolls of vulnerability {unknown}
 i - a scroll of identify {unknown}
 j - a scroll of noise {unknown}
Potions
 c - a potion of ambrosia
 h - a potion of mutation {unknown}


   Skills:
 + Level 3.4 Fighting
 + Level 3.1 Polearms
 + Level 3.1 Dodging


You had one spell level left.
You didn't know any spells.
Your spell library was empty.

Dungeon Overview and Level Annotations

Branches:
Dungeon (1/15)

Altars:


Innate Abilities, Weirdness & Mutations

A meltable shield of frost defends you. (SH +4)


Message History

Nothing quivered!
HP restored.
You now have 1319 gold pieces (gained 13).
You open the door. As you open the door, it creaks loudly!
No target in view!
As you open the door, it creaks loudly!
A rat comes into view.
The rat twitches its whiskers.
There is an open door here.
A rat is nearby!
You hit the rat.
You kill the rat!
Found a ring mail.
No target in view!
You see here a +0 ring mail.
A hobgoblin comes into view.
The hobgoblin shouts!
You hit the hobgoblin. You drain the hobgoblin.
You kill the hobgoblin!
There is an open door here.
You see here a ball python corpse.
You see here 9 stones.
Key pressed, stopping explore.
No target in view!
No target in view!
You open the door.
There is an open door here.
Done exploring.
No target in view!
Done exploring.
No target in view!
Done exploring.
No target in view!
Done exploring.
You see here a +0 short sword.
You see here a +0 dagger.
Okay, then.
There is a staircase leading out of the dungeon here.
You have escaped!

#†P.PPP.P.P.........PPP.P#.#.#
####[PP.PPP..P..P.P...PPP.PP..#.#
.....PPP.PP.P.......P.PP.PPP..#.#
.....PPPP.....P..P......PPPP#.#.#
.....PPP....PP...P.PP.PP.PPP..#.#
.....PP.PPP..P..P.PPP.PPP.PP#.#.#
..##.P.PPPP...PP.PPP.PPPPP.P#.#.#
..##.P.PPPPP...P.PP.PPPPPP.P#.#.#
..##.P.PPPPPPP..@..PPPPPPP.P#.#.#


..##.P.PPPPPPPPP.PPPPPPPPP.P#.#.# ..##.P.PPPPPPPPP.PPPPPPPPP.P#....
..##.PP.PPPPPPP.P.PPPPPPP.PP###.# ..##.PP..PPPPP.PPP.PPPPP.PPP##..#
####.P........PPPPP.....PPPP...## .....PPP..PPPPPPPPPPP.PPPPPP#..#
####.......................#...# #########...#####.........### There were no
monsters in sight!

Vanquished Creatures
  A dart slug (D:1)
  3 endoplasms (D:1)
  3 giant cockroaches (D:1)
  2 goblins (D:1)
  A hobgoblin (D:1)
  2 kobolds (D:1)
  2 ball pythons (D:1)
  3 bats (D:1)
  A frilled lizard (D:1)
  4 rats (D:1)
22 creatures vanquished.

Notes
Turn   | Place    | Note
-------+----------+-------------------------------------------
     0 | D:1      | innerfire43 the Demonspawn Monk began the quest for the
                  | Orb.
     0 | D:1      | Reached XP level 1. HP: 18/18 MP: 1/1
    87 | D:1      | Identified a scroll of acquirement
    87 | D:1      | Acquired 1203 gold pieces
   109 | D:1      | Gained mutation: A meltable shield of frost defends you.
                  | (SH +4) [demonic ancestry]
   109 | D:1      | Reached XP level 2. HP: 24/24 MP: 2/2
   724 | D:$      | Got out of the dungeon alive.

Illustrated notes

Levels and vault maps discovered:
D:1:      roderic_crop_circles_arrival_large, layout_basic

Skill      XL: |  1  2 |
---------------+-------+-----
Dodging        | 3 |  3.1
Polearms       | 3 |  3.1
Fighting       | |  3.4

Action                     || total
---------------------------++-------
  Melee: Spear             ||    62
    Use: Scroll            ||     3
 Armour: Robe              ||     7
  Dodge: Dodged            ||    25
  Block: Orb               ||     8

Table legend: (Time is in decaauts)
 A = Elapsed time spent in this place.
 B = Non-inter-level travel time spent in this place.
 C = Inter-level travel time spent in this place.
 D = Time resting spent in this place.
 E = Time spent auto-exploring this place.
 F = Levels seen in this place.
 G = Mean time per level.
                   A        B        C        D        E       F      G
               +--------+--------+--------+--------+--------+-----+--------+
         Total |    720 |    647 |     73 |      0 |    530 |   1 |  720.0 |
       Dungeon |    720 |    647 |     73 |      0 |    530 |   1 |  720.0 |
               +--------+--------+--------+--------+--------+-----+--------+

Top non-repeatable levels by time:
     D:1: 720 daAuts
